 Dungeon Crawl Stone Soup version 0.29.1-12-g30fa7ad0bf (webtiles) character file.

Game seed: 4682857318327020255

1301 KittyFluff the Cudgeller (level 8, -1/49 HPs)
             Began as a Gargoyle Berserker on Dec 25, 2022.
             Was a Believer of Trog.
             Killed from afar by Dowan (3 damage)
             ... with a bolt of dispelling energy
             ... on level 4 of the Dungeon.
             The game lasted 00:20:53 (5965 turns).

KittyFluff the Cudgeller (Gargoyle Berserker)       Turns: 5965, Time: 00:20:53

Health: -1/49      AC: 11    Str: 24    XL:     8   Next: 57%
Magic:  8/8        EV: 11    Int:  7    God:    Trog [**....]
Gold:   181        SH:  4    Dex:  9    Spells: 7/7 levels left

rFire   . . .      SeeInvis .   a - +0 mace
rCold   . . .      Faith    .   t - +0 buckler
rNeg    + . .      Spirit   .   j - +0 leather armour
rPois   ∞          Reflect  .   q - +0 helmet
rElec   +          Harm     .   (no cloak)
rCorr   .          Rampage  .   o - +0 pair of gloves
Will    .....                   (no boots)
Stlth   +.........              C - amulet of the acrobat
HPRegen 0.16/turn               (no ring)
MPRegen 0.11/turn               (no ring)

@: brilliant, on berserk cooldown
A: sickness immunity, AC +5, negative energy resistance 1, electricity
resistance, torment resistance 1, petrification resistance
a: Renounce Religion, Berserk, Trog's Hand


You were on level 4 of the Dungeon.
You worshipped Trog.
Trog was pleased with you.
You visited 1 branch of the dungeon, and saw 5 of its levels.

You collected 230 gold pieces.
You spent 49 gold pieces at shops.

Inventory:

Hand Weapons
 a - a +0 mace (weapon)
Missiles
 g - 3 poisoned darts (quivered)
 s - 7 boomerangs
Armour
 b - a +0 animal skin
 f - a +0 scale mail
 j - a +0 leather armour (worn)
 o - a +0 pair of gloves (worn)
 q - a +0 helmet (worn)
 t - a +0 buckler (worn)
Jewellery
 C - an amulet of the acrobat (around neck)
Wands
 p - a wand of flame (10)
Scrolls
 c - 2 scrolls of blinking
 h - 3 scrolls of silence
 m - 2 scrolls of immolation {unknown}
 v - a scroll of noise {unknown}
 w - a scroll of brand weapon {unknown}
 x - 2 scrolls of enchant weapon {unknown}
 y - a scroll of summoning {unknown}
 z - a scroll of amnesia {unknown}
Potions
 d - 2 potions of invisibility
 e - 2 potions of attraction
 i - a potion of lignification
 k - a potion of berserk rage
 l - a potion of might
 n - a potion of brilliance
 r - a potion of mutation {unknown}
 u - 2 potions of haste {unknown}
 A - 2 potions of magic {unknown}


   Skills:
 + Level 5.0 Fighting
 + Level 6.8 Maces & Flails
 + Level 0.3 Throwing
 * Level 5.3 Armour
 + Level 3.5 Dodging
 + Level 1.3 Stealth
 * Level 3.7 Shields


You had 7 spell levels left.
You didn't know any spells.
Your spell library was empty.

Dungeon Overview and Level Annotations

Branches:
Dungeon (5/15)
 Temple: D:4-7

Altars:
Dithmenos

Shops:
D:2 [

Annotations:
D:4 Dowan


Innate Abilities, Weirdness & Mutations

You are immune to sickness and miasma.
Your stone body is resilient. (AC +5)
You are immune to poison.
You resist negative energy. (rN+)
You are resistant to electric shocks. (rElec)
You are resistant to unholy torment.
You are immune to petrification.


Message History

Dowan casts a spell.
Dowan blinks!
You closely miss Dowan.
Dowan zaps a wand.
The bolt of dispelling energy hits you!
You barely miss Dowan.
Dowan says, "Her death will not be in vain!"
Dowan closely misses you.
You hit Dowan.
Dowan is moderately wounded.
Dowan hits you but does no damage.
You barely miss Dowan.
Dowan is moderately wounded.
You are no longer berserk.
You are exhausted.
You feel yourself slow down.
Dowan zaps a wand.
The bolt of dispelling energy hits you!
Your magical effects are unravelling.
You sock Dowan!
Dowan is heavily wounded.
You feel yourself speed up.
Dowan drinks a potion.
Dowan is healed!
A hound comes into view.
Dowan casts a spell at you. The stone arrow hits you.
* * * LOW HITPOINT WARNING * * *
Dowan zaps a wand.
The bolt of dispelling energy hits you!
* * * LOW HITPOINT WARNING * * *
The hound moves out of view.
Dowan zaps a wand.
The bolt of dispelling energy misses you.
There is a stone staircase leading up here.
Dowan closely misses you.
You climb upwards.
There is a stone staircase leading down, spattered with blood here.
It was a potion of brilliance.
You feel clever all of a sudden. Dowan barely misses you.
Dowan zaps a wand.
The bolt of dispelling energy hits you.
Your magical effects are unravelling.
You die...

### ##### ##### #..#
###...# ##...## ...#
###.#...###.....##
..##
###...#...[#.......#
.##
#...#......@.......#
.#
#.####....#.e.[....#
.# #.# #.#.#...<....##
## #.#
##.............#
#.###....##........#
##.....)#.##........#
##..####)#.##.......##
####..##
#.#.##......## ......#
##.#....#..###


You could see Dowan (fast).

Vanquished Creatures
  Sigmund (D:3)
  Eustachio (D:5)
  A water moccasin (D:4)
  Duvessa (D:5)
  2 ogres (D:5)
  A phantom (D:5)
  Blork the orc (D:4)
  A scorpion (D:5)
  A howler monkey (D:4)
  A hound (D:4)
  A jelly (D:5)
  3 iguanas
  Natasha (thrice) (D:3)
  An orc wizard (D:3)
  8 adders
  3 worms
  8 orcs
  3 endoplasms
  5 giant cockroaches
  7 goblins
  9 hobgoblins
  8 jackals (D:2)
  3 kobolds
  5 quokkas
  7 ball pythons
  4 bats
  4 frilled lizards
  10 rats
103 creatures vanquished.

Vanquished Creatures (others)
  2 fungi (D:2)
2 creatures vanquished.

Grand Total: 105 creatures vanquished

Notes
Turn   | Place    | Note
-------+----------+-------------------------------------------
     0 | D:1      | KittyFluff the Gargoyle Berserker began the quest for the
                  | Orb.
     0 | D:1      | Reached XP level 1. HP: 14/14 MP: 1/1
   243 | D:1      | Reached XP level 2. HP: 17/19 MP: 2/2
   913 | D:1      | Reached XP level 3. HP: 21/23 MP: 3/3
  1088 | D:2      | HP: 1/23 [worm (3)]
  1807 | D:2      | You fall into a shaft and drop 2 floors!
  1818 | D:4      | Reached ** piety under Trog
  2067 | D:4      | Reached XP level 4. HP: 18/29 MP: 4/4
  2253 | D:3      | Reached skill level 4 in Maces & Flails
  2315 | D:3      | Noticed Natasha
  2327 | D:3      | Killed Natasha
  2436 | D:3      | Reached XP level 5. HP: 33/33 MP: 5/5
  2697 | D:2      | Found a faded altar of an unknown god.
  2737 | D:2      | Found Zuantoth's Armour Shop.
  2745 | D:2      | Bought a +0 buckler for 49 gold pieces
  3288 | D:3      | Noticed Natasha
  3300 | D:3      | Killed Natasha
  3323 | D:3      | Reached XP level 6. HP: 38/38 MP: 6/6
  3569 | D:3      | Noticed Natasha
  3577 | D:3      | Killed Natasha
  3578 | D:3      | Reached skill level 1 in Shields
  3624 | D:3      | Noticed Sigmund
  3642 | D:3      | Killed Sigmund
  3643 | D:3      | Reached skill level 5 in Maces & Flails
  3643 | D:3      | Reached skill level 1 in Stealth
  3782 | D:4      | Found a shadowy altar of Dithmenos.
  3917 | D:4      | Reached XP level 7. HP: 39/44 MP: 7/7
  4262 | D:5      | Entered Level 5 of the Dungeon
  4787 | D:5      | Noticed Eustachio
  4827 | D:5      | Killed Eustachio
  5104 | D:5      | Reached skill level 6 in Maces & Flails
  5104 | D:5      | Reached XP level 8. HP: 48/48 MP: 8/8
  5160 | D:5      | Reached skill level 5 in Armour
  5205 | D:5      | Noticed Blork the orc
  5205 | D:5      | Noticed Duvessa
  5211 | D:5      | Noticed Dowan
  5542 | D:4      | Killed Blork the orc
  5952 | D:5      | Killed Duvessa
  5953 | D:5      | Reached skill level 5 in Fighting
  5960 | D:5      | HP: 1/49 [Dowan/bolt of dispelling energy (11)]
  5965 | D:4      | Killed from afar by Dowan

Illustrated notes

Levels and vault maps discovered:
D:1:      wander_arrival_desolate, layout_loops_ring
D:2:      layout_loops_ring, shapermc_ecumenical_altar_ellora, serial_shops,
          nicolae_diamond_shop
D:3:      layout_basic, minmay_circle_x, uniq_natasha, uniq_sigmund
D:4:      layout_rooms, grunt_dithmenos_smoke
D:5:      layout_cave_pools, minmay_temple_entry_proselytizer, uniq_duvessa,
          uniq_grinder, uniq_eustachio, uniq_blork_the_orc

Skill      XL: |  1  2  3  4  5  6  7  8 |
---------------+-------------------------+-----
Dodging        | 2 3 |  3.5
Maces & Flails | 4 5 6 |  6.8
Armour         | 3 4 5 |  5.3
Fighting       | 4 5 |  5.0
Shields        | 1 3 |  3.7
Stealth        | 1 |  1.3
Throwing       | |  0.3

Action                   |  1- 3 |  4- 6 |  7- 9 || total
-------------------------+-------+-------+-------++-------
Melee: Mace              |   126 |   194 |   191 ||   511
       Punch             |       |     1 |       ||     1
Throw: Dart              |       |       |     4 ||     4
Invok: Berserk           |       |     2 |     6 ||     8
  Use: Scroll            |     1 |     4 |     2 ||     7
       Potion            |       |       |     2 ||     2
 Stab: Sleeping          |     1 |     1 |       ||     2
Armor: Animal skin       |    28 |    72 |       ||   100
       Leather armour    |       |     7 |   121 ||   128
Dodge: Dodged            |    87 |   110 |   174 ||   371
Block: Buckler           |       |    12 |    45 ||    57
